 Dungeon Crawl Stone Soup version 0.20-a0-731-gecde0bf (webtiles) character file.

53 Gorglomux the Ruffian (level 3, -8/29 HPs)
             Began as a Ghoul Warper on Feb 22, 2017.
             Mangled by a gnoll
             ... wielding a +0 spear
              (11 damage)
             ... on level 2 of the Dungeon.
             The game lasted 00:02:36 (814 turns).

Gorglomux the Ruffian (Ghoul Warper)                 Turns: 814, Time: 00:02:37

Health: -8/29      AC:  3    Str: 14    XL:     3   Next: 89%
Magic:  2/4        EV: 11    Int:  8    God:
Gold:   53         SH:  0    Dex:  9    Spells: 3/5 levels left

rFire    . . .     SeeInvis .     - Unarmed
rCold    + . .     Gourm    .   a - +0 leather armour
rNeg     + + +     Faith    .   (no shield)
rPois    ∞         Spirit   .   (no helmet)
rElec    .         Reflect  .   (no cloak)
rCorr    .         Harm     .   (no gloves)
MR       .....                  (no boots)
Stlth    +.........             r - amulet of regeneration
Regen    0.0/turn               (no ring)
MPRegen  0.1/turn               (no ring)

@: very slightly contaminated, rotting
A: rotting body, claws 1, carnivore 3, cold resistance 1, negative energy
resistance 3, inhibited regeneration, torment resistance, unbreathing
a: no special abilities


You were on level 2 of the Dungeon.
You were not hungry.

You visited 1 branch of the dungeon, and saw 2 of its levels.

You collected 53 gold pieces.

Inventory:

Missiles
 d - 3 tomahawks of dispersal (quivered)
Armour
 a - a +0 leather armour (worn)
Jewellery
 r - an amulet of regeneration (around neck)
 E - a +5 ring of dexterity {unknown}
Scrolls
 B - a scroll of blinking
 F - a scroll of magic mapping {unknown}
 L - a scroll of amnesia {unknown}
 N - a scroll of identify {unknown}
Potions
 D - a potion of mutation {unknown}
 J - a potion of curing {unknown}
Books
 b - a book of Spatial Translocations

   Spells                             Type                      Level
   a - Blink                          Translocation                2
   b - Shroud of Golubria             Charms/Translocation         2
   c - Lesser Beckoning               Translocation                3
   d - Gell's Gravitas                Translocation                3
   e - Teleport Other                 Translocation                3
   f - Passage of Golubria            Translocation                4
Comestibles
 f - 2 meat rations
 M - 2 chunks of flesh


   Skills:
 - Level 2.1 Fighting
 - Level 0.8 Throwing
 - Level 0.8 Armour
 - Level 1.7 Dodging
 + Level 4.4 Unarmed Combat
 - Level 1.7 Spellcasting
 - Level 2.6 Translocations


You had 3 spell levels left.
You knew the following spells:

 Your Spells              Type           Power        Failure   Level  Hunger
d - Blink                 Tloc           N/A          24%         2    ###....


Dungeon Overview and Level Annotations

Branches:
Dungeon (2/15)

Altars:
Nemelex Xobeh


Innate Abilities, Weirdness & Mutations

Your body is rotting away.
You thrive on raw meat.
You are immune to poison.
You have sharp fingernails.
You are carnivorous and can eat meat at any time.
Your flesh is cold resistant. (rC+)
You are immune to negative energy. (rN+++)
You do not regenerate when monsters are visible.
You are immune to unholy pain and torment.
You can survive without breathing.


Message History

* * * LOW HITPOINT WARNING * * *
You barely miss the gnoll.
The gnoll is heavily wounded.
The gnoll barely misses you. The gnoll closely misses you.
You closely miss the gnoll.
The gnoll is heavily wounded.
The gnoll hits you from afar with a spear.
* * * LOW HITPOINT WARNING * * *
The gnoll misses you.
Sorry, you're not good enough to have a special ability.
Casting: Blink
Confirm with . or Enter, or press ? or * to list all spells.
You don't know that spell.
Casting: Blink
Confirm with . or Enter, or press ? or * to list all spells.
You miscast Blink.
You are very lightly contaminated with residual magic.
You feel uncomfortable.
The gnoll hits you from afar with a spear!
You die...

########.# #.# ######'##
.........##########
........g..........
..........#############
.........g#........<..+
........#.#.####.######
...######g#@#...........
..........#g#...........
.......gg.#...........
..#####.#.#...........
#.#.#...........
#.#.#...........
#.#.#........... #.#.#
#.#.#


You could see 2 gnolls.

Vanquished Creatures
  A gnoll (D:1)
  An adder (D:2)
  An ooze (D:2)
  2 giant cockroaches
  7 hobgoblins (D:1)
  2 bats (D:1)
  2 frilled lizards (D:1)
  6 goblins
  4 kobolds
  4 rats (D:1)
30 creatures vanquished.

Notes
Turn   | Place    | Note
-------+----------+-------------------------------------------
     0 | D:1      | Gorglomux the Ghoul Warper began the quest for the Orb.
     0 | D:1      | Reached XP level 1. HP: 17/17 MP: 2/2
   107 | D:1      | Reached XP level 2. HP: 14/24 MP: 3/3
   127 | D:1      | Reached skill level 3 in Unarmed Combat
   199 | D:1      | Found a sparkling altar of Nemelex Xobeh.
   617 | D:1      | Reached XP level 3. HP: 26/29 MP: 4/4
   640 | D:1      | Reached skill level 4 in Unarmed Combat
   728 | D:1      | Learned a level 2 spell: Blink
   814 | D:2      | Mangled by a gnoll

Vault maps used:
D:1:      minmay_arrival_five_plusses, hangedman_decor_growths,
          nemelex_diamond_rough_becter
D:2:      minmay_three_crescents

Skill      XL: |  1  2  3 |
---------------+----------+-----
Unarmed Combat | 3 4 |  4.4
Fighting       | |  2.1
Throwing       | |  0.8
Armour         | |  0.8
Dodging        | |  1.7
Spellcasting   | |  1.7
Translocations | |  2.6

Action                   || total
-------------------------++-------
Melee: Unarmed           ||   116
Throw: Tomahawk          ||     2
       Javelin           ||     4
  Eat: Chunk             ||    17
Armor: Leather armour    ||    35
Dodge: Dodged            ||    68
